 Dungeon Crawl Stone Soup version 0.21.0 (webtiles) character file.

26 Maraca the Grave Robber (level 3, -1/26 HPs)
             Began as a Hill Orc Necromancer on May 13, 2018.
             Slain by a kobold
             ... wielding a +0 short sword
              (5 damage)
             ... on level 2 of the Dungeon.
             The game lasted 00:12:36 (1676 turns).

Maraca the Grave Robber (Hill Orc Necromancer)      Turns: 1676, Time: 00:12:37

Health: -1/26      AC:  2    Str:  9 (10) XL:     3   Next: 8%
Magic:  6/6        EV: 12    Int: 15 (16) God:
Gold:   50         SH:  0    Dex: 10 (11) Spells: 4/6 levels left

rFire    . . .     SeeInvis .   f - +0 hand axe
rCold    . . .     Gourm    .   (no shield)
rNeg     . . .     Faith    .   a - +0 robe
rPois    .         Spirit   .   (no helmet)
rElec    .         Reflect  .   (no cloak)
rCorr    .         Harm     .   (no gloves)
MR       .....                  (no boots)
Stlth    ++........             (no amulet)
HPRegen  0.08/turn              (no ring)
MPRegen  0.10/turn              (no ring)

@: no status effects
A: no striking features
a: no special abilities


You were on level 2 of the Dungeon.
You were not hungry.

You visited 1 branch of the dungeon, and saw 3 of its levels.

You collected 50 gold pieces.

Inventory:

Hand Weapons
 f - a +0 hand axe (weapon)
Armour
 a - a +0 robe (worn)
 g - a +0 helmet
Potions
 d - a potion of agility {unknown}
Books
 b - a book of Necromancy

   Spells                             Type                      Level
   a - Pain                           Necromancy                   1
   b - Animate Skeleton               Necromancy                   1
   c - Vampiric Draining              Necromancy                   3
   d - Regeneration                   Charms/Necromancy            3
   e - Animate Dead                   Necromancy                   4
   f - Borgnjor's Vile Clutch         Necromancy/Earth             5
Comestibles
 c - a ration


   Skills:
 * Level 0.2 Fighting
 * Level 1.6 Dodging
 + Level 1.7 Stealth
 * Level 2.1 Spellcasting
 * Level 4.3 Necromancy


You had 4 spell levels left.
You knew the following spells:

 Your Spells              Type           Power        Failure   Level  Hunger
a - Pain                  Necr           ##..         3%          1    #......
b - Animate Skeleton      Necr           N/A          3%          1    #......


Dungeon Overview and Level Annotations

Branches:
Dungeon (3/15)

Altars:


Message History

Casting: Pain
Confirm with . or Enter, or press ? or * to list all spells.
Aiming: Pain
Press: ? - help, Shift-Dir - straight line, f/p - quokka
Aim: a quokka (moderately wounded, chance to defeat MR: 85%)
The quokka writhes in agony!
You kill the quokka!
You start resting.
A bat comes into view.
The kobold hits you but does no damage.
A rat comes into view.
The kobold barely misses you.
You hit the rat.
You kill the rat!
You barely miss the kobold. The kobold hits you.
* * * LOW HITPOINT WARNING * * *
A kobold comes into view. It is wielding a short sword.
The kobold shouts!
The kobold hits you with a short sword.
You die...

##.#####**
*,,,,,,,*******,*** *
........,* ***,,.#** *,,,* *
########,******,,.# ***,* *
*,,,,,,,,>.# *,* *
********##.##*********,***
#...,,,,,,,,,,,,,* ########
#..#********,*,*,*
.......### #.K# **,,,,*,*
####.....# #@.#
*****,***,*,*
####.....#######..#**,**,**
**,,*
.....#......g..K..#*,*,,,*
*,,,
####.....#######....#**,,**
**,,* ** #.(...#
#.###.#,**,***,*,, ,*
###.### #.# **.#**,,,,,,,,
,* #รท#*******#.# **#
***,***,, ,*
#.#*,,,,,,..#*********,*,*,*
.*
#.#*,*****#..,,,,,,,,,,,,,,,


You could see 2 kobolds.

Vanquished Creatures
  2 leopard geckos (D:1)
  A giant cockroach (D:1)
  2 goblins
  3 hobgoblins
  A quokka (D:2)
  5 frilled lizards
  2 kobolds (D:2)
  9 rats
25 creatures vanquished.

Vanquished Creatures (collateral kills)
  A giant cockroach (D:2)
1 creature vanquished.

Grand Total: 26 creatures vanquished

Notes
Turn   | Place    | Note
-------+----------+-------------------------------------------
     0 | D:1      | Maraca the Hill Orc Necromancer began the quest for the Orb.
     0 | D:1      | Reached XP level 1. HP: 14/14 MP: 3/3
     3 | D:1      | Learned a level 1 spell: Animate Skeleton
   484 | D:1      | Reached XP level 2. HP: 18/20 MP: 0/4
  1361 | D:1      | hh
  1581 | D:2      | Reached XP level 3. HP: 5/26 MP: 1/6
  1676 | D:2      | Slain by a kobold

Skill      XL: |  1  2 |
---------------+-------+-----
Spellcasting   | 2 |  2.1
Fighting       | |  0.2
Dodging        | |  1.6
Stealth        | |  1.7
Necromancy     | |  4.3

Action                   || total
-------------------------++-------
Melee: Hand axe          ||    35
 Cast: Pain              ||    29
       Animate Skeleton  ||     8
  Use: Potion            ||     2
       Scroll            ||     5
 Stab: Sleeping          ||     1
  Eat: Ration            ||     1
Armor: Robe              ||    12
Dodge: Dodged            ||    62
